 Dungeon Crawl Stone Soup version 0.31.0-1-g2c135a008e (webtiles) character file.

Game seed: 5797596805922532653

151 qw the Shooter (level 5, -2/40 HPs)
             Began as a Djinni Hunter on Jan 23, 2024.
             Slain by a goblin
             ... wielding a +0 club
              (3 damage)
             ... on level 3 of the Dungeon.
             The game lasted 00:00:06 (1990 turns).

qw the Shooter (Djinni Hunter)                      Turns: 1990, Time: 00:00:07

Health: -2/40      AC:  5    Str: 10    XL:     5   Next: 60%
Gold:   136        EV: 11    Int: 10    God:
                   SH:  0    Dex: 19

rFire   + + .        a - +0 shortbow
rCold   x . .        (shield currently unavailable)
rNeg    . . .        d - +0 ring mail
rPois   inf          (no helmet)
rElec   .            (no cloak)
rCorr   .            (no gloves)
SInv    .            (boots unavailable)
Will    .....        (no amulet)
Stlth   +            (no ring)
HPRegen 0.26/turn    (no ring)
MPRegen 0.00/turn

%: infuse magic (-3 HP)
@: flying
A: sickness immunity, fire resistance 2, cold vulnerability 1, float, innate
caster, HP casting, extra vitality 1
a: no special abilities


You were on level 3 of the Dungeon.
You visited 1 branch of the dungeon, and saw 3 of its levels.

You collected 136 gold pieces.


Innate Abilities, Weirdness & Mutations

You are immune to sickness and miasma.
You are immune to poison.
Your flesh is very heat resistant. (rF++)
You are vulnerable to cold. (rC-)
You float through the air rather than walking.
You learn spells naturally, not from books.
Your magical power is your life essence.
You have superior vitality. (+4 MHP)


   Skills:
 - Level 3.3 Fighting
 + Level 4.6 Ranged Weapons
 - Level 1.1 Armour
 - Level 2.1 Dodging
 - Level 0.7 Stealth


You knew the following spells:

 Your Spells              Type           Power      Damage    Failure   Level
a - Magic Dart            Conj           0%         1d3       67%         1
b - Ensorcelled Hibernat  Hex/Ice        0%         N/A       82%         2
Your spell library was empty.

Inventory:

Hand Weapons
 a - a +0 shortbow (weapon)
Armour
 d - a +0 ring mail (worn)
 h - a +0 helmet
Scrolls
 c - 2 scrolls of enchant armour
 e - a scroll of identify
 i - a scroll of enchant weapon {unknown}
Potions
 b - a potion of haste
 f - a potion of curing
 g - a potion of berserk rage {unknown}

Dungeon Overview and Level Annotations

Branches:
Dungeon (3/15)

Altars:

Annotations:
D:3 Grinder


Message History

Grinder is moderately wounded.
Grinder gestures at you. Pain shoots through your body!
A goblin comes into view. It is wielding a +0 club.
You shoot an arrow. The arrow hits Grinder!
Grinder is heavily wounded.
Grinder zaps a wand.
The puff of flame hits you. You resist.
You shoot an arrow. The arrow barely misses Grinder.
Grinder blinks!
Grinder barely misses you. The hobgoblin barely misses you.
You shoot an arrow. The arrow barely misses Grinder.
Grinder barely misses you. The hobgoblin barely misses you.
The goblin hits you with a +0 club.
You shoot an arrow.
The arrow hits Grinder but does no damage.
Grinder is heavily wounded.
Grinder zaps a wand.
The puff of flame misses you.
The puff of flame hits the hobgoblin.
The hobgoblin closely misses you. The goblin hits you with a +0 club.
You shoot an arrow. The arrow hits the hobgoblin!
You kill the hobgoblin!
Grinder gestures at you.
You suddenly lose the ability to move!
The goblin hits you with a +0 club. The goblin hits you but does no damage.
Grinder hits you. Grinder gestures at you.
You shrug off the repeated paralysis!
The goblin hits you but does no damage.
A kobold comes into view. It is wielding a +0 short sword.
The kobold shouts!
Grinder zaps a wand.
The puff of flame hits you. You resist. The goblin hits you with a +0 club.
Grinder hits you.
You writhe in agony.
The goblin hits you but does no damage.
Grinder zaps a wand.
The puff of flame hits you. You resist. The goblin hits you with a +0 club.
You can move again.
You shoot an arrow. The arrow completely misses Grinder.
Grinder hits you but does no damage. The goblin misses you.
The kobold barely misses you.
You shoot an arrow. The arrow hits Grinder.
Grinder is heavily wounded.
Grinder hits you.
You writhe in agony.
The goblin hits you with a +0 club.
You die...

......# #.# .....#
...# #.# .....# #..##'
#.### ...#.# #....
.##. #### #.##.# '...
.... ... #.##.# #..#
#. #.) #.##.# ##..# ##
#..##.##.# #gK.#
#........# #.@.####.
###
####...#.####.5.......
#..
#....#................
#.#
#.#.####.......#######
#.# # #.# #.#######
#.# #.# #.# #.# #.#
#.# #.# #.# #.# #.#
#.# #.#
##################.#


You could see Grinder, a goblin and a kobold.

Vanquished Creatures
  A bombardier beetle (D:3)
  Terence (D:2)
  Natasha (D:3)
  An adder (D:2)
  A gnoll (D:1)
  2 dart slugs (D:1)
  An orc (D:3)
  A ball python (D:1)
  An endoplasm (D:1)
  8 goblins
  6 hobgoblins
  6 kobolds
  A quokka (D:1)
  2 bats
  4 frilled lizards
  6 rats
  A spectral goblin (D:1)
44 creatures vanquished.

Notes
Turn   | Place    | Note
-------+----------+-------------------------------------------
     0 | D:1      | qw the Djinni Hunter began the quest for the Orb.
     0 | D:1      | Reached XP level 1. HP: 18/18 MP: 0/0
     0 | D:1      | 0 ||| qw: Version: 0.3-a-135-gb77e89d
     0 | D:1      | 0 ||| qw: Game counter: 824
     0 | D:1      | 0 ||| qw: Melee chars always use a shield: true
     0 | D:1      | 0 ||| qw: God list: Okawaru
     0 | D:1      | 0 ||| qw: Allow faded altars: false
     0 | D:1      | 0 ||| qw: Do Orc after clearing Dungeon:15 true
     0 | D:1      | 0 ||| qw: Do second Lair branch before Depths: true
     0 | D:1      | 0 ||| qw: Lair rune preference: random
     0 | D:1      | 0 ||| qw: Goals: Normal
     0 | D:1      | 0 ||| PLANNING D:1-11
   130 | D:1      | Reached XP level 2. HP: 23/23 MP: 0/0
   227 | D:1      | Found a faded altar of an unknown god.
   279 | D:1      | Reached skill level 4 in Ranged Weapons
   279 | D:1      | Reached XP level 3. HP: 28/28 MP: 0/0
   279 | D:1      | Learned a level 1 spell: Magic Dart
   512 | D:1      | 512 ||| UPGRADING to +0 ring mail.
   522 | D:1      | 522 ||| DROPPING +0 leather armour.
   523 | D:1      | 523 ||| READING scroll labelled ODGHAV MYEHIEF.
   624 | D:1      | 624 ||| READING scroll labelled JOEPLOUNAM.
   624 | D:1      | 624 ||| IDENTIFYING cyan potion
   625 | D:1      | 625 ||| READING scroll labelled CAXKOI GAAPOO.
   625 | D:1      | 625 ||| ENCHANTING +0 shortbow.
   626 | D:1      | 626 ||| DROPPING scroll of butterflies.
   931 | D:2      | Reached skill level 1 in Armour
   931 | D:2      | Reached XP level 4. HP: 22/34 MP: 0/0
  1053 | D:2      | Noticed Terence
  1069 | D:2      | Killed Terence
  1070 | D:2      | Reached skill level 3 in Fighting
  1398 | D:2      | 1398 ||| READING 2 scrolls of identify.
  1398 | D:2      | 1398 ||| IDENTIFYING white potion
  1689 | D:3      | Reached XP level 5. HP: 34/40 MP: 0/0
  1689 | D:3      | Learned a level 2 spell: Ensorcelled Hibernation
  1770 | D:3      | Noticed Natasha
  1784 | D:3      | Killed Natasha
  1976 | D:3      | Noticed Grinder
  1984 | D:3      | Paralysed by Grinder for 5 turns
  1987 | D:3      | HP: 10/40 [Grinder (3)]
  1990 | D:3      | HP: 2/40 [Grinder (4)]
  1990 | D:3      | Slain by a goblin

Levels and vault maps discovered:
D:1:      lemuel_arrival_room, layout_rooms,
          dreamdust_ecumenical_altar_drowned_temple
D:2:      layout_basic, uniq_terence
D:3:      corexii_shack_village, layout_loops_ring, corexii_hall_statues_x,
          uniq_ijyb, uniq_natasha, uniq_grinder

Skill      XL: |  1  2  3  4 |
---------------+-------------+-----
Ranged Weapons | 4 |  4.6
Armour         | 1 |  1.1
Fighting       | 3 |  3.3
Dodging        | |  2.1
Stealth        | |  0.7

Action                     |  1- 3 |  4- 6 || total
---------------------------+-------+-------++-------
   Fire: Shortbow          |    84 |    84 ||   168
    Use: Scroll            |     3 |     1 ||     4
 Armour: Leather armour    |    15 |       ||    15
         Ring mail         |    13 |    46 ||    59
  Dodge: Dodged            |    21 |    32 ||    53

Table legend:
 A = Non-vault XP
 B = Vault XP
 C = Vault XP percentage of total XP
 D = Non-vault monster count
 E = Vault monster count
 F = Vault count percentage of total count
                 A         B        C        D         E       F
            +---------+---------+-------+---------+---------+-------
      Total |     140 |      77 |  35.5 |      39 |       5 |  11.4
            +---------+---------+-------+---------+---------+-------
        D:1 |      60 |       1 |   1.6 |      26 |       1 |   3.7
        D:2 |      22 |      38 |  63.3 |       6 |       1 |  14.3
        D:3 |      58 |      38 |  39.6 |       7 |       3 |  30.0
            +---------+---------+-------+---------+---------+-------
